 Dungeon Crawl Stone Soup version 0.24-a0-201-gf2055891f0 (webtiles) character file.

Game seed: 3204072822367880213

44 MrRokkomies the Chucker (level 3, 0/39 HPs)
             Began as an Ogre Hunter on Mar 22, 2019.
             Slain by a quokka (1 damage)
             ... on level 1 of the Dungeon.
             The game lasted 00:01:35 (1156 turns).

MrRokkomies the Chucker (Ogre Hunter)               Turns: 1156, Time: 00:01:36

Health: 0/39       AC:  3    Str: 21    XL:     3   Next: 62%
Magic:  3/3        EV: 10    Int: 12    God:
Gold:   48         SH:  0    Dex: 10    Spells: 2/2 levels left

rFire    + . .     SeeInvis .   a - +0 mace
rCold    + . .     Gourm    .   (no shield)
rNeg     . . .     Faith    .   b - +0 robe
rPois    +         Spirit   .   (helmet restricted)
rElec    +         Reflect  .   (no cloak)
rCorr    +         Harm     .   (gloves unavailable)
MR       .....                  (boots unavailable)
Stlth    +.........             (no amulet)
HPRegen  0.13/turn              (no ring)
MPRegen  0.08/turn              (no ring)

@: mighty, lethally poisoned (0 -> -4), resistant
A: large, unfitting armour, tough skin 1
a: no special abilities


You were on level 1 of the Dungeon.
You were hungry.

You visited 1 branch of the dungeon, and saw 2 of its levels.

You collected 48 gold pieces.

Inventory:

Hand Weapons
 a - a +0 mace (weapon)
 g - a +0 short sword
Missiles
 c - 5 large rocks
 d - 2 throwing nets
 e - 43 stones (quivered)
 k - 8 poisoned needles
Armour
 b - a +0 robe (worn)
Comestibles
 f - a ration


   Skills:
 * Level 4.1 Fighting
 * Level 4.6 Throwing
 - Level 1.7 Dodging
 - Level 0.6 Stealth


You had 2 spell levels left.
You didn't know any spells.
Your spell library was empty.

Dungeon Overview and Level Annotations

Branches:
Dungeon (2/15)

Altars:


Innate Abilities, Weirdness & Mutations

You are too large for most types of armour.
You have tough skin. (AC +1)


Message History

You feel sick. The quokka bites you.
* * * LOW HITPOINT WARNING * * *
The quokka bites you.
* * * LOW HITPOINT WARNING * * *
You completely miss the quokka.
The quokka is almost dead.
* * * LOW HITPOINT WARNING * * *
You feel sick. The quokka bites you.
* * * LOW HITPOINT WARNING * * *
The quokka bites you.
* * * LOW HITPOINT WARNING * * *
It was a potion of might.
You feel very mighty all of a sudden.
* * * LOW HITPOINT WARNING * * *
You feel sick. The quokka barely misses you.
It was a potion of resistance.
You feel protected.
* * * LOW HITPOINT WARNING * * *
You feel sick. The quokka bites you.
You die...

#......#....# #.#
#......#....# #.# #######
#......#....# #.# #......
#......#....###.#####......
#......#....+..............
#......#....###.#####......
#......#....# #.# #......
#......#....###.###########
#......#.r@.......)........
#......########.###########
#......#........#
#......#.##################
#......#.# #.............#
#...†..#.# #.............#
#.#.#.##.# #.............#
#######.#.#.##.#
#.............#
........#.#.##.#
#.............#


You could see a quokka.

Vanquished Creatures
  3 oozes (D:1)
  A giant cockroach (D:1)
  5 hobgoblins (D:1)
  7 jackals (D:1)
  5 bats (D:1)
  A frilled lizard (D:1)
  3 goblins (D:1)
  A kobold (D:1)
  5 rats
31 creatures vanquished.

Notes
Turn   | Place    | Note
-------+----------+-------------------------------------------
     0 | D:1      | MrRokkomies the Ogre Hunter began the quest for the Orb.
     0 | D:1      | Reached XP level 1. HP: 22/22 MP: 1/1
   271 | D:1      | Reached XP level 2. HP: 27/31 MP: 2/2
   480 | D:1      | Reached XP level 3. HP: 24/39 MP: 3/3
  1156 | D:1      | HP: 1/39 [poisoned by a goblin]
  1156 | D:1      | Slain by a quokka

Levels and vault maps discovered:
D:1:      saegor_arrival_miasma, layout_basic, minmay_heptomino_h4
D:2:      layout_basic, gammafunk_temple_overflow_wave, first_ration,
          cheibrodos_gnoll_hut, uniq_sigmund, uniq_crazy_yiuf_cottage

Skill      XL: |  1  2  3 |
---------------+----------+-----
Fighting       | 3 4 |  4.1
Throwing       | |  4.6
Dodging        | |  1.7
Stealth        | |  0.6

Action                   || total
-------------------------++-------
Melee: Mace              ||   100
       Short sword       ||     6
Throw: Stone             ||     5
  Use: Scroll            ||     3
       Potion            ||     2
 Stab: Sleeping          ||     1
Armor: Robe              ||    51
Dodge: Dodged            ||    84

Table legend:
 A = Non-vault XP
 B = Vault XP
 C = Vault XP percentage of total XP
 D = Non-vault monster count
 E = Vault monster count
 F = Vault count percentage of total count
                 A         B        C        D         E       F
            +---------+---------+-------+---------+---------+-------
      Total |      52 |      12 |  18.8 |      27 |       4 |  12.9
            +---------+---------+-------+---------+---------+-------
        D:1 |      51 |      12 |  19.0 |      26 |       4 |  13.3
        D:2 |       1 |       0 |   0.0 |       1 |       0 |   0.0
            +---------+---------+-------+---------+---------+-------
